 Dungeon Crawl Stone Soup version 0.26-a0-1033-gd598b01645 (webtiles) character file.

Game seed: 3553947859576097375

8131 Morbidden the Carver (level 11, -4/100 HPs)
             Began as a Palentonga Fighter on Dec 10, 2020.
             Was an Initiate of Gozag.
             Slain by a komodo dragon (20 damage)
             ... on level 1 of the Lair of Beasts.
             The game lasted 00:18:40 (15755 turns).

Morbidden the Carver (Palentonga Fighter)          Turns: 15755, Time: 00:18:41

Health: -4/100     AC: 16    Str: 22    XL:     11   Next: 5%
Magic:  25/25      EV:  6    Int:  8    God:    Gozag
Gold:   657        SH: 17    Dex: 11    Spells: 17/17 levels left

rFire    + + .     SeeInvis +   a - +0 long sword
rCold    + . .     Faith    .   A - +2 kite shield
rNeg     . . .     Spirit   .   y - +0 chain mail {rPois}
rPois    +         Reflect  +   u - -1 helmet
rElec    .         Harm     .   E - scarf {rC+ rF+}
rCorr    .         Rampage  .   (no gloves)
Will     .....                  (no barding)
Stlth    ..........             M - amulet of reflection
HPRegen  0.26/turn              B - ring of protection from fire
MPRegen  0.19/turn              q - ring of magical power

@: curled up
A: large, rugged brown scales 3, see invisible, deformed body, roll 1, armoured
tail, reflexive curl
a: Rolling Charge, Potion Petition, Call Merchant, Bribe Branch, Renounce
Religion


You were on level 1 of the Lair of Beasts.
You worshipped Gozag.
Gozag was pleased with you.
You visited 2 branches of the dungeon, and saw 10 of its levels.

You collected 1772 gold pieces.
You paid 1115 gold pieces to Gozag.

Inventory:

Hand Weapons
 a - a +0 long sword (weapon)
Armour
 u - a -1 helmet (worn)
 y - a +0 chain mail of poison resistance (worn)
 A - a +2 kite shield (worn)
 E - a scarf of resistance (worn)
 N - a +0 cloak
Jewellery
 m - an uncursed ring of flight
 q - a ring of magical power (right hand)
 r - an uncursed ring of positive energy
 t - an uncursed ring of fire
 B - a ring of protection from fire (left hand)
 H - an uncursed ring of resist corrosion
 M - an amulet of reflection (around neck)
Wands
 c - a wand of flame (19)
 x - a wand of acid (8)
 C - a wand of polymorph (3)
 D - a wand of enslavement (6)
Scrolls
 b - a scroll of silence {unknown}
 e - 5 scrolls of teleportation
 h - 2 scrolls of identify
 j - 3 scrolls of enchant weapon {unknown}
 k - a scroll of immolation {unknown}
 l - 6 scrolls of remove curse
 o - 2 scrolls of fog {unknown}
 v - 4 scrolls of amnesia
 w - a scroll of random uselessness {unknown}
 F - a scroll of summoning {unknown}
 J - a scroll of vulnerability {unknown}
 L - a scroll of acquirement {unknown}
Potions
 d - 8 potions of might
 f - a potion of resistance {unknown}
 g - a potion of degeneration
 i - 4 potions of attraction
 n - 3 potions of haste
 p - a potion of mutation {unknown}
 s - a potion of cancellation
 z - a potion of lignification {unknown}
 G - a potion of magic {unknown}
 I - 2 potions of curing {unknown}
 K - a potion of heal wounds


   Skills:
 * Level 7.9 Fighting
 * Level 10.9 Long Blades
 + Level 5.5 Armour
 * Level 4.7 Dodging
 + Level 0.9 Stealth
 + Level 5.2 Shields
 * Level 3.8 Spellcasting
 + Level 1.1 Evocations


You had 17 spell levels left.
You didn't know any spells.
Your spell library contained the following spells:

 Spells                   Type           Power        Failure   Level
 Animate Skeleton         Necr           #.....       99%         1
 Corona                   Hex            #......      99%         1
 Pain                     Necr           #...         99%         1
 Shock                    Conj/Air       #...         99%         1
 Slow                     Hex            #.......     100%        2
 Swiftness                Air            #.......     100%        2
 Inner Flame              Hex/Fire       #.......     100%        3
 Portal Projectile        Hex/Tloc       #.....       100%        3
 Static Discharge         Conj/Air       #.......     100%        3
 Vampiric Draining        Necr           #.........   100%        3
 Airstrike                Air            #.........   100%        4
 Animate Dead             Necr           #.........   100%        4
 Cause Fear               Hex            #.........   100%        4
 Leda's Liquefaction      Hex/Erth       #.........   100%        4
 Agony                    Necr           #.......     100%        5
 Lightning Bolt           Conj/Air       #.........   100%        5


Dungeon Overview and Level Annotations

Branches:
Dungeon (9/15)             Temple (0/1) D:7            Lair (1/6) D:9
    Orc: D:9-12

Altars:
Elyvilon
Gozag
Hepliaklqana
Kikubaaqudgha
Qazlal
Trog
Vehumet
Wu Jian
Zin
The Shining One

Shops:
D:5 (   D:6 [   D:8 (   Lair:1 ([


Innate Abilities, Weirdness & Mutations

You are completely covered in rugged brown scales. (AC +3, +7% HP)
You have supernaturally acute eyesight. (SInv)
Armour fits poorly on your strangely shaped body.
You can roll at nearby foes to attack.
You have a long armoured tail.
You curl defensively after being hit.


Message History

Unknown command.
You are too injured to fight recklessly!
You are too injured to fight recklessly!
Unknown command.
You are too injured to fight recklessly!
Unknown command.
You are too injured to fight recklessly!
Unknown command.
You hit the komodo dragon.
The komodo dragon is heavily wounded.
The komodo dragon bites you!!
* * * LOW HITPOINT WARNING * * *
You hit the komodo dragon but do no damage.
The komodo dragon is heavily wounded.
Unknown command.
You hit the komodo dragon.
The komodo dragon is severely wounded.
The komodo dragon bites you!!
You die...
Your body crumbles into a pile of gold.

#......#..###. #..
#......#...... ##..
#......#...... #....
#...#.##...... #...#
####.............
#....##.##.............
#......................
#.........####'#.##....
#....l@..)#....(..#....
#.........#.........###
#.........#.......P.# #
#........(#.......#..#
#.........#.........##
#..(...............+.#
##.........########..#
#.......... ... #.#


You could see a komodo dragon.

Vanquished Creatures
  Erolcha (D:9)
  A hydra (Lair:1)
  A two-headed ogre (D:9)
  Joseph (D:8)
  A cane toad (Lair:1)
  2 slime creatures (D:7)
  A wyvern (D:9)
  Grum (D:8)
  A yak (D:9)
  A basilisk (Lair:1)
  3 water moccasins
  An ice beast (D:8)
  4 sky beasts
  A phantom (D:4)
  4 centaurs
  2 wolves (D:8)
  2 ogres
  5 big kobolds (D:7)
  9 bullfrogs
  A gnoll sergeant (D:5)
  2 scorpions (D:9)
  4 howler monkeys
  A centaur zombie (D:8)
  5 orc priests
  3 hounds
  6 jellies (D:7)
  7 gnoll shamans
  3 bullfrog skeletons
  An iguana (D:8)
  6 orc wizards
  6 worker ants
  A hound zombie (D:5)
  A hound skeleton (D:4)
  A worker ant zombie (D:5)
  42 gnolls
  6 adders
  A shadow imp (D:7)
  4 white imps
  3 ufetubi
  7 oozes
  3 adder zombies
  2 adder skeletons
  5 worms
  5 dart slugs
  6 leopard geckos
  24 orcs
  2 bat zombies (D:4)
  9 giant cockroaches
  10 goblins
  7 hobgoblins
  16 jackals
  12 kobolds
  5 quokkas
  4 ball pythons
  8 bats
  6 frilled lizards
  A jackal skeleton (D:4)
  A jackal zombie (D:3)
  A quokka skeleton (D:8)
  11 rats
  A rat zombie (D:4)
292 creatures vanquished.

Vanquished Creatures (others)
  24 fungi
  34 plants
  8 toadstools (D:7)
66 creatures vanquished.

Grand Total: 358 creatures vanquished

Notes
Turn   | Place    | Note
-------+----------+-------------------------------------------
     0 | D:1      | Morbidden the Palentonga Fighter began the quest for the
                  | Orb.
     0 | D:1      | Reached XP level 1. HP: 20/20 MP: 1/1
   255 | D:1      | Reached XP level 2. HP: 27/27 MP: 2/2
  1032 | D:2      | Reached XP level 3. HP: 35/35 MP: 3/3
  1536 | D:2      | Reached skill level 3 in Long Blades
  1605 | D:2      | Found a stormy altar of Qazlal.
  1781 | D:2      | Reached XP level 4. HP: 42/42 MP: 4/4
  2518 | D:3      | Reached XP level 5. HP: 48/49 MP: 5/5
  2579 | D:3      | Reached skill level 4 in Long Blades
  3570 | D:4      | Noticed a phantom
  3590 | D:4      | Killed a phantom
  3591 | D:4      | Reached XP level 6. HP: 30/55 MP: 6/6
  3836 | D:4      | Found an ancient bone altar of Kikubaaqudgha.
  4048 | D:4      | Reached skill level 5 in Long Blades
  4300 | D:5      | Entered Level 5 of the Dungeon
  4322 | D:4      | Found a hazy altar of Hepliaklqana.
  4461 | D:5      | Found Hynor's Weapon Shop.
  4722 | D:5      | Gained mutation: You curl defensively after being hit.
                  | [Palentonga growth]
  4722 | D:5      | Reached XP level 7. HP: 64/64 MP: 7/7
  4946 | D:5      | Reached skill level 6 in Long Blades
  5872 | D:5      | Reached skill level 1 in Dodging
  6237 | D:5      | Found an opulent altar of Gozag.
  6245 | D:5      | Became a worshipper of Gozag Ym Sagoz the Greedy
  6466 | D:5      | Reached skill level 5 in Fighting
  6514 | D:5      | Reached XP level 8. HP: 40/72 MP: 8/8
  6840 | D:5      | Found a glowing golden altar of the Shining One.
  6841 | D:5      | Found a glowing silver altar of Zin.
  6969 | D:5      | Reached skill level 7 in Long Blades
  9991 | D:6      | Found Ikkias's Antique Armour Shop.
 10121 | D:7      | Found a staircase to the Ecumenical Temple.
 10146 | D:7      | Reached XP level 9. HP: 57/80 MP: 9/9
 10156 | D:7      | Reached skill level 8 in Long Blades
 10452 | D:7      | Found a radiant altar of Vehumet.
 10462 | D:7      | Found a white marble altar of Elyvilon.
 10655 | D:7      | Got a pitted leather armour
 10656 | D:7      | Identified the +1 leather armour of Icuacsaseck {rPois rF+
                  | Will+} (You found it on level 7 of the Dungeon)
 10745 | D:7      | Found an ornate altar of the Wu Jian Council.
 10852 | D:7      | Reached skill level 9 in Long Blades
 10950 | D:7      | Reached skill level 1 in Spellcasting
 11904 | D:8      | Noticed Joseph
 11925 | D:8      | Killed Joseph
 11934 | D:8      | Reached XP level 10. HP: 49/89 MP: 12/12
 12492 | D:8      | Noticed Grum
 12881 | D:8      | Killed Grum
 12987 | D:8      | Found Oxiahode's Antique Weapon Boutique.
 13072 | D:9      | Found a bloodstained altar of Trog.
 13115 | D:9      | Reached skill level 10 in Long Blades
 13140 | D:9      | Reached skill level 5 in Armour
 13810 | D:9      | Noticed Erolcha
 13819 | D:9      | Killed Erolcha
 14009 | D:9      | Found a staircase to the Lair.
 14251 | D:9      | Noticed a two-headed ogre
 14263 | D:9      | Killed a two-headed ogre
 14264 | D:9      | Reached skill level 5 in Shields
 14890 | Lair:1   | Entered Level 1 of the Lair of Beasts
 14922 | Lair:1   | Noticed a cane toad
 14931 | Lair:1   | Killed a cane toad
 14932 | Lair:1   | Reached skill level 1 in Evocations
 15225 | Lair:1   | Noticed an eight-headed hydra
 15238 | Lair:1   | Killed an eight-headed hydra
 15239 | Lair:1   | Reached XP level 11. HP: 17/100 MP: 16/16
 15755 | Lair:1   | Slain by a komodo dragon

Illustrated notes

Levels and vault maps discovered:
D:1:      lemuel_arrival_hallway, layout_basic
D:2:      layout_basic, general_overflow_altar
D:3:      minmay_chambers_of_threes, layout_basic
D:4:      layout_loops_ring, lemuel_zombie_altar_kikubaaqudgha,
          nicolae_overflow_hidden_temple, serial_forest,
          infiniplex_forest_clump_small, infiniplex_forest_straight_1,
          infiniplex_forest_end_3, infiniplex_forest_clump_double,
          infiniplex_forest_clump_tiny, infiniplex_forest_3_way,
          infiniplex_forest_clump_tiny, infiniplex_forest_lined_3,
          infiniplex_forest_lined_room_
D:5:      lemuel_castle_with_subvaults [lemuel_castle_interior_carwin_3],
          layout_layer_cave, grunt_gozag_statues, minitemple, serial_shops,
          shop_statue
D:6:      layout_rooms, serial_shops, shop
D:7:      cheibrodos_fertilizer, layout_basic, grunt_temple_overflow_open,
          minmay_temple_entry_offerings, lemuel_altar_in_water
D:8:      layout_basic, serial_shops, shop, uniq_grum, uniq_joseph
D:9:      layout_irregular_city, lemuel_doored_altar,
          due_lair_maze_entry_diamond, uniq_erolcha
Lair:1:   layout_chaotic_city, nicolae_quartered_pool_super,
          lemuel_altar_in_water2

Skill      XL: |  1  2  3  4  5  6  7  8  9 10 |
---------------+-------------------------------+-----
Long Blades    | 3 4 5 6 7 9 10 | 10.9
Fighting       | 4 5 6 7 |  7.9
Shields        | 3 4 5 |  5.2
Armour         | 3 4 5 |  5.5
Dodging        | 1 2 3 4 |  4.7
Spellcasting   | 1 3 |  3.8
Evocations     | 1 |  1.1
Stealth        | |  0.9

Action                   |  1- 3 |  4- 6 |  7- 9 | 10-12 || total
-------------------------+-------+-------+-------+-------++-------
Melee: Long sword        |   106 |   252 |   621 |   218 ||  1197
       Tailslap          |    10 |    44 |   101 |    36 ||   191
Throw: Throwing net      |       |       |     1 |       ||     1
Invok: Call Merchant     |       |       |       |     2 ||     2
 Abil: Rolling Charge    |     8 |     6 |    19 |     2 ||    35
Evoke: Wand              |       |       |     8 |    12 ||    20
  Use: Potion            |       |       |     2 |       ||     2
       Scroll            |       |       |     2 |     6 ||     8
 Stab: Distracted        |       |       |     1 |     2 ||     3
Armor: Scale mail        |    43 |   164 |    45 |       ||   252
       Chain mail        |       |       |   255 |    73 ||   328
Dodge: Dodged            |    23 |    57 |   126 |    37 ||   243
Block: Kite shield       |    42 |   131 |   370 |   136 ||   679
       Rpst.: Long sword |     9 |    18 |    35 |     9 ||    71

Table legend: (Time is in decaauts)
 A = Elapsed time spent in this place.
 B = Non-inter-level travel time spent in this place.
 C = Inter-level travel time spent in this place.
 D = Time resting spent in this place.
 E = Time spent auto-exploring this place.
 F = Levels seen in this place.
 G = Mean time per level.
                   A        B        C        D        E       F      G
               +--------+--------+--------+--------+--------+-----+--------+
         Total |  15899 |  15417 |    482 |   3062 |   9662 |  10 | 1589.9 |
       Dungeon |  15038 |  14556 |    482 |   3062 |   8900 |   9 | 1670.9 |
          Lair |    860 |    860 |      0 |      0 |    762 |   1 |  860.0 |
               +--------+--------+--------+--------+--------+-----+--------+

Top non-repeatable levels by time:
     D:5: 3330 daAuts
     D:4: 2989 daAuts
     D:7: 1949 daAuts
     D:9: 1818 daAuts
     D:3: 1150 daAuts
     D:8: 1025 daAuts
     D:2: 1019 daAuts
     D:1: 1001 daAuts
  Lair:1: 860 daAuts
     D:6: 753 daAuts
